 Dungeon Crawl Stone Soup version 0.29.1-2-gbd0b4ee654 (webtiles) character file.

Game seed: 361317566500873522

62 fleeber the Magician (level 3, -1/19 HPs)
             Began as a Deep Elf Conjurer on Nov 5, 2022.
             Slain by an orc
             ... wielding a +0 flail
              (6 damage)
             ... on level 1 of the Dungeon.
             The game lasted 00:03:53 (1052 turns).

fleeber the Magician (Deep Elf Conjurer)            Turns: 1052, Time: 00:03:53

Health: -1/19      AC:  2    Str:  4    XL:     3   Next: 85%
Magic:  5/11       EV: 12    Int: 24    God:
Gold:   63         SH:  0    Dex: 13    Spells: 11/12 levels left

rFire   . . .      SeeInvis .   i - +2 dagger (elec)
rCold   . . .      Faith    .   (no shield)
rNeg    . . .      Spirit   .   a - +0 robe
rPois   .          Reflect  .   (no helmet)
rElec   .          Harm     .   (no cloak)
rCorr   .          Rampage  .   (no gloves)
Will    .....                   (no boots)
Stlth   ++........              (no amulet)
HPRegen 0.06/turn               (no ring)
MPRegen 0.12/turn               (no ring)

@: no status effects
A: no striking features
a: no special abilities


You were on level 1 of the Dungeon.
You visited 1 branch of the dungeon, and saw 2 of its levels.

You collected 63 gold pieces.

Inventory:

Hand Weapons
 i - a +2 dagger of electrocution (weapon)
Armour
 a - a +0 robe (worn)
Scrolls
 c - a scroll of fear {unknown}
 e - a scroll of magic mapping {unknown}
 f - a scroll of teleportation {unknown}
 h - 3 scrolls of identify {unknown}
 k - 2 scrolls of enchant weapon {unknown}
Potions
 b - a potion of magic
 d - a potion of cancellation {unknown}
 g - a potion of flight {unknown}
 j - a potion of curing {unknown}


   Skills:
 - Level 2.4 Dodging
 - Level 2.4 Stealth
 - Level 5.0 Spellcasting
 + Level 5.0 Conjurations


You had 11 spell levels left.
You knew the following spells:

 Your Spells              Type           Power      Damage    Failure   Level
a - Magic Dart            Conj           100%       1d8       1%          1

Your spell library contained the following spells:

 Spells                   Type           Power      Damage    Failure   Level
 Searing Ray              Conj           60%        2d6       1%          2
 Dazzling Flash           Conj/Hex       36%        N/A       10%         3
 Fulminant Prism          Conj/Hex       9%         3d7       30%         4
 Iskenderun's Mystic Bla  Conj/Tloc      18%        2d6       30%         4


Dungeon Overview and Level Annotations

Branches:
Dungeon (2/15)

Altars:


Message History

The orc wizard casts a spell.
The orc wizard flickers and vanishes!
Deactivating autopickup; reactivate with Ctrl-A.
Aiming: Magic Dart (safe; 1% risk of failure)
Press: ? - help, Q - select action Shift-Dir - straight line, f - orc wizard
Aim: an orc wizard, wielding a +0 dagger and wearing a +0 robe (100% to hit)
The magic dart hits something.
Reactivating autopickup.
You feel a bit more experienced.
Your Conjurations skill increases to level 5!
Aiming: Magic Dart (safe; 1% risk of failure)
Press: ? - help, Q - select action Shift-Dir - straight line, f/p - orc wizard
Aim: an orc wizard, wielding a +0 dagger and wearing a +0 robe (100% to hit)
The magic dart hits the orc wizard.
The orc wizard is moderately wounded.
The orc wizard gestures at you while chanting.
You are confused.
You're too confused to cast spells.
You're too confused to cast spells.
The orc wizard gestures at you while chanting.
You resist with some effort.
You bump into the rock wall.
The orc wizard gestures at you while chanting.
The magic dart hits you.
An orc comes into view. It is wielding a +0 flail.
You bump into the rock wall.
You bump into the rock wall.
You feel less confused.
There is a stone staircase leading up here.
The orc hits you with a +0 flail.
You climb upwards.
There is a stone staircase leading down here.
You hit the orc.
The orc is heavily wounded.
The orc hits you with a +0 flail.
* * * LOW HITPOINT WARNING * * *
You barely miss the orc.
The orc is heavily wounded.
The orc hits you with a +0 flail.
You die...

###...................#
###.#############.####
#.........# #.#
#.....[.#.## #(# ###
#..........## #.# #..
#.......#.†.# #.# #.#
#########.#.# #.#
#######.. #.†.#.#####.#
#......## #.###.o@....#
#......## #....#####.##
#...†..## ####.#####.#
#......## #.......#
#......## #########
#......## ##.######
#....... ########


You could see an orc.

Vanquished Creatures
  An orc wizard (D:2)
  A worm (D:2)
  2 dart slugs (D:1)
  2 orcs (D:2)
  3 endoplasms (D:1)
  A giant cockroach (D:1)
  2 hobgoblins (D:1)
  4 kobolds (D:1)
  5 ball pythons (D:1)
  3 bats (D:1)
  3 frilled lizards (D:1)
  2 goblins (D:1)
  A rat (D:1)
30 creatures vanquished.

Vanquished Creatures (others)
  6 demonic plants (D:1)
  4 fungi (D:1)
  7 plants (D:1)
17 creatures vanquished.

Grand Total: 47 creatures vanquished

Notes
Turn   | Place    | Note
-------+----------+-------------------------------------------
     0 | D:1      | fleeber the Deep Elf Conjurer began the quest for the Orb.
     0 | D:1      | Reached XP level 1. HP: 10/10 MP: 6/6
   201 | D:1      | Reached XP level 2. HP: 15/15 MP: 7/9
   352 | D:1      | Found a faded altar of an unknown god.
   806 | D:1      | Reached XP level 3. HP: 19/19 MP: 8/11
   834 | D:1      | Reached skill level 5 in Spellcasting
  1039 | D:2      | Reached skill level 5 in Conjurations
  1052 | D:1      | Slain by an orc

Illustrated notes

Levels and vault maps discovered:
D:1:      minmay_arrival_checkered_box, layout_basic,
          shapermc_ecumenical_altar_gd
D:2:      layout_rooms, minmay_heptomino_h4

Skill      XL: |  1  2  3 |
---------------+----------+-----
Spellcasting   | 4 5 |  5.0
Conjurations   | 5 |  5.0
Dodging        | |  2.4
Stealth        | |  2.4

Action                   || total
-------------------------++-------
Melee: Dagger            ||     2
 Cast: Magic Dart        ||    69
Dodge: Dodged            ||     6
